 Dungeon Crawl Stone Soup version 0.24.0-35-gdb84b6a5db (webtiles) character file.

Game seed: 12937745891554502528, levelgen mode: deterministic

173 Katsumi the Changer (level 5, -5/22 HPs)
             Began as a Felid Transmuter on Nov 19, 2019.
             Slain by a slave (7 damage)
             ... led by Pikel
             ... on level 4 of the Dungeon.
             The game lasted 00:08:20 (4270 turns).

Katsumi the Changer (Felid Transmuter)              Turns: 4270, Time: 00:08:21

Health: -5/22      AC:  2    Str:  6    XL:     5   Next: 28%
Magic:  9/9        EV: 18    Int: 16    God:
Gold:   228        SH:  0    Dex: 22    Spells: 0/8 levels left
                                        Lives:  0   Deaths: 1

rFire    . . .     SeeInvis +     - Unarmed
rCold    . . .     Gourm    .   (shield unavailable)
rNeg     . . .     Faith    .   (armour unavailable)
rPois    .         Spirit   .   (helmet unavailable)
rElec    .         Reflect  .   (cloak unavailable)
rCorr    .         Harm     .   (gloves unavailable)
MR       .....                  (boots unavailable)
Stlth    ++........             i - amulet of regeneration
HPRegen  0.47/turn              j - +5 ring of dexterity
MPRegen  0.11/turn              (no ring)

@: quick
A: very small, no armour, no weapons or thrown items, stealth, claws 1, fangs 3,
see invisible, carnivore, speed 1, shaggy fur 2, slow metabolism 1, sharp paws
a: no special abilities


You were on level 4 of the Dungeon.
You were not hungry.

You visited 1 branch of the dungeon, and saw 4 of its levels.

You collected 228 gold pieces.

Inventory:

Missiles
 a - 46 arrows
Jewellery
 i - an amulet of regeneration (around neck)
 j - a +5 ring of dexterity (left paw)
 t - a +2 ring of protection {unknown}
Scrolls
 d - 3 scrolls of remove curse
 f - a scroll of immolation {unknown}
 h - a scroll of enchant weapon {unknown}
 m - a scroll of fear {unknown}
 p - a scroll of blinking {unknown}
 r - a scroll of random uselessness {unknown}
 s - a scroll of fog {unknown}
 u - a scroll of identify {unknown}
 v - 2 scrolls of magic mapping {unknown}
Potions
 b - 2 potions of flight {unknown}
 e - a potion of agility {unknown}
 g - a potion of haste {unknown}
 k - 2 potions of resistance {unknown}
 n - a potion of might {unknown}
 o - a potion of invisibility {unknown}
 q - a potion of lignification {unknown}
 w - a potion of mutation {unknown}
Comestibles
 c - 10 rations


   Skills:
 - Level 1.0 Fighting
 - Level 2.6 Dodging
 - Level 3.0 Unarmed Combat
 - Level 2.0 Spellcasting
 + Level 7.4 Transmutations


You couldn't memorise any spells.
You knew the following spells:

 Your Spells              Type           Power        Failure   Level  Hunger
a - Beastly Appendage     Tmut           ####..       1%          1    #......
b - Sticks to Snakes      Tmut           ####....     1%          2    ###....
c - Blade Hands           Tmut           ####......   26%         5    ######.

Your spell library contained the following spells:

 Spells                   Type           Power        Failure   Level  Hunger
 Spider Form              Tmut/Pois      ##........   14%         3    ###....
 Magic Dart               Conj           #...         21%         1    #......
 Searing Ray              Conj           #.....       30%         2    ###....
 Ice Form                 Ice/Tmut       ##......     41%         4    #####..
 Dazzling Spray           Conj/Hex       #.....       52%         3    ###....
 Force Lance              Conj/Tloc      #.......     90%         4    #####..
 Fulminant Prism          Conj/Hex       #.........   90%         4    #####..
 Iskenderun's Mystic Bla  Conj           #.......     90%         4    #####..


Dungeon Overview and Level Annotations

Branches:
Dungeon (4/15)
 Temple: D:4-7

Altars:
Dithmenos
Sif Muna

Annotations:
D:3 1 runed translucent door, Curus's ghost, amateur DrBe; Pikel
D:4 Ijyb; Sigmund


Innate Abilities, Weirdness & Mutations

You cannot wear armour.
You are incapable of wielding weapons or throwing items.
Your paws allow you to move quietly. (Stealth)
You have sharp claws.
You have razor-sharp teeth.
You have supernaturally acute eyesight. (SInv)
You are carnivorous and can eat meat at any time.
You cover ground quickly.
You are covered in thick fur. (AC +2)
You have a slow metabolism.
Your sharp claws are effective at attacking unaware monsters.


Message History

(D) Dungeon
Where to? (Enter - D:3 @ (x,y), ? - help)
What level of the Dungeon? (default 1, ? - help)
There is a stone staircase leading down here.
You climb downwards.
Level annotation: Ijyb; Sigmund A slave comes into view.
There is a stone staircase leading up here.
A slave comes into view.
Sigmund hits you from afar with a +1 scythe of slicing!
The slave shouts! x2
Sigmund closely misses you. The slave closely misses you.
Sigmund barely misses you.
The slave misses you. x2; The slave barely misses you.
The slave completely misses you. The slave hits you. The slave misses you.
Sigmund misses you. The slave hits you.
* * * LOW HITPOINT WARNING * * *
The slave hits you!
You die...

#.......####.###...##........
#....#...###.#####.##........
####.......[.....# #.##........
...........<##..####.##........
####..#........................
##....##.......######..........
##.....#####....#..............
##.###.....#..@pp.#####........
...# #####.##..p@.## #........
..## #.....p..># ##.###### ..#
##.##.###..# .. .##
#..........# ##. ..##
##..........## ##
#..#####............#
.#.#..............#.$.#
.......##.........#...# ....##s
#........†##..#..


You could see Sigmund and 4 slaves.

Vanquished Creatures
  Blork the orc (D:4)
  A howler monkey (D:4)
  An orc priest (D:3)
  An orc wizard (D:2)
  A worker ant (D:4)
  6 adders
  A worm (D:3)
  A dart slug (D:1)
  3 leopard geckos
  5 orcs
  5 bats
  3 giant cockroaches
  10 goblins
  11 hobgoblins
  3 jackals (D:2)
  8 kobolds
  A quokka (D:2)
  5 frilled lizards
  A jackal skeleton (D:4)
  8 rats
76 creatures vanquished.

Vanquished Creatures (collateral kills)
  2 adders (D:2)
  A giant cockroach (D:2)
  A hobgoblin (D:2)
  A rat (D:2)
5 creatures vanquished.

Vanquished Creatures (others)
  2 withered plants (D:3)
2 creatures vanquished.

Grand Total: 83 creatures vanquished

Notes
Turn   | Place    | Note
-------+----------+-------------------------------------------
     0 | D:1      | Katsumi the Felid Transmuter began the quest for the Orb.
     0 | D:1      | Reached XP level 1. HP: 9/9 MP: 4/4
   216 | D:1      | Reached skill level 3 in Transmutations
   250 | D:1      | Reached XP level 2. HP: 2/12 MP: 4/6
   497 | D:1      | You fall into a shaft and drop 1 floor!
   501 | D:2      | Learned a level 2 spell: Sticks to Snakes
   549 | D:2      | You fall into a shaft and drop 2 floors!
   786 | D:2      | Reached skill level 4 in Transmutations
   786 | D:2      | Reached XP level 3. HP: 15/15 MP: 3/7
  1730 | D:2      | Reached XP level 4. HP: 19/19 MP: 3/8
  2036 | D:2      | Reached skill level 5 in Transmutations
  2410 | D:3      | Found a shadowy altar of Dithmenos.
  2724 | D:3      | Reached XP level 5. HP: 20/22 MP: 7/9
  2731 | D:3      | Learned a level 5 spell: Blade Hands
  2912 | D:3      | Found a runed translucent door.
  2912 | D:3      | Noticed Curus's ghost (amateur DrBe)
  3003 | D:3      | Reached skill level 6 in Transmutations
  3608 | D:4      | Noticed Blork the orc
  3617 | D:4      | Killed Blork the orc
  3617 | D:4      | Reached skill level 7 in Transmutations
  3617 | D:4      | Gained mutation: You are covered in thick fur. (AC +2)
                  | [Felid growth]
  3617 | D:4      | Reached XP level 6. HP: 24/25 MP: 5/10
  3955 | D:4      | Found a shimmering blue altar of Sif Muna.
  4044 | D:4      | Noticed Sigmund
  4046 | D:4      | Noticed a slave
  4047 | D:4      | Noticed Pikel
  4048 | D:4      | Noticed Ijyb
  4213 | D:4      | Noticed a slave
  4225 | D:3      | HP: 1/25 [Pikel/+1 whip of flaming (9)]
  4225 | D:3      | Slain by Pikel
  4226 | D:3      | Reached XP level 5. HP: -2/22 MP: 1/9
  4264 | D:4      | Noticed a slave
  4265 | D:4      | Noticed a slave
  4270 | D:4      | Slain by a slave

Levels and vault maps discovered:
D:1:      minmay_arrival_cross, layout_loops_ring,
          chequers_serial_rivers_micro_b
D:2:      kennysheep_six_static_rooms, layout_rooms,
          chequers_serial_rivers_small_3
D:3:      layout_basic, nicolae_dithmenos_through_a_glass_darkly,
          gammafunk_ghost_grave, minmay_misc_feat_plants
D:4:      layout_rooms, lemuel_blue_sif_altar, okawaru_ov_weapons_minmay,
          first_ration, uniq_blork_the_orc, uniq_sigmund, uniq_pikel, uniq_ijyb

Skill      XL: |  1  2  3  4  5 |
---------------+----------------+-----
Transmutations | 3 4 5 7 |  7.4
Fighting       | |  1.0
Dodging        | |  2.6
Unarmed Combat | |  3.0
Spellcasting   | |  2.0

Action                   |  1- 3 |  4- 6 || total
-------------------------+-------+-------++-------
Melee: Unarmed           |    84 |   107 ||   191
       Headbutt          |    17 |    13 ||    30
       Bite              |     2 |     9 ||    11
       Punch             |       |     3 ||     3
 Cast: Beastly Appendage |    28 |    23 ||    51
       Sticks to Snakes  |    11 |     4 ||    15
       Blade Hands       |       |     7 ||     7
  Use: Scroll            |     1 |       ||     1
 Stab: Sleeping          |     4 |     2 ||     6
  Eat: Chunk             |    10 |    10 ||    20
Armor: Skin              |     9 |     3 ||    12
Dodge: Dodged            |    77 |    82 ||   159
